| TOP OF THE 1ST |
|
Rochester Red Wings batting - Pitching for Ocean City Blue Crabs : RHP Kevin Jarvis
|
|
Pitching: RHP Kevin Jarvis
|
|
|
Batting: RHB Terrell Lowery
|
0-0: Foul Ball, location: 2F 0-1: Called Strike 0-2: Ball 1-2: Fly out, F7 (Flyball, 7D, EV 108.1 MPH)
|
|
Batting: RHB Damon Mashore
|
0-0: Ball 1-0: Called Strike 1-1: Swinging Strike 1-2: SINGLE (Groundball, 56, EV 85.6 MPH) (infield hit)
|
|
Batting: RHB Rich Aurilia
|
0-0: Ball 1-0: Fly out, F7 (Flyball, 7LD, EV 105.6 MPH)
|
|
Batting: LHB Tom Lampkin
|
0-0: Called Strike 0-1: Swinging Strike 0-2: Ball 1-2: Ball 2-2: Fly out, F7 (Flyball, 7LS, EV 86.9 MPH)
|
| Top of the 1st over - 0 runs, 1 hit, 0 errors, 1 left on base; Rochester 0 - Ocean City 0 |
| BOTTOM OF THE 1ST |
|
Ocean City Blue Crabs batting - Pitching for Rochester Red Wings : RHP Darryl Scott
|
|
Pitching: RHP Darryl Scott
|
|
|
Batting: RHB Jarvis Brown
|
0-0: Ball 1-0: Ball 2-0: Foul Ball, location: 2F 2-1: Ball 3-1: Ground out U3 (Groundball, 34, EV 104.4 MPH)
|
|
Batting: LHB Pedro Valdes
|
0-0: Ball 1-0: Bunt missed! 1-1: Ball 2-1: Ball 3-1: Base on Balls
|
|
Batting: LHB Brad Fullmer
|
0-0: Ball 1-0: Called Strike 1-1: Ball 2-1: Grounds into double play, 4-6-3 (Groundball, 4, EV 82.5 MPH)
|
| Bottom of the 1st over - 0 runs, 0 hits, 0 errors, 0 left on base; Rochester 0 - Ocean City 0 |
| TOP OF THE 2ND |
|
Rochester Red Wings batting - Pitching for Ocean City Blue Crabs : RHP Kevin Jarvis
|
|
Batting: RHB Darren Reed
|
0-0: Ball 1-0: Ball 2-0: Fly out, F7 (Flyball, 7S, EV 92.5 MPH)
|
|
Batting: LHB Kevin Koslofski
|
0-0: Foul Ball, location: 2F 0-1: Foul Ball, location: 2F 0-2: Ball 1-2: Foul Ball, location: 2F 1-2: Ball 2-2: Strikes out looking
|
|
Batting: RHB Tim Unroe
|
0-0: Ball 1-0: Fly out, F2 (Popup, 2RF, EV 89.4 MPH)
|
| Top of the 2nd over - 0 runs, 0 hits, 0 errors, 0 left on base; Rochester 0 - Ocean City 0 |
| BOTTOM OF THE 2ND |
|
Ocean City Blue Crabs batting - Pitching for Rochester Red Wings : RHP Darryl Scott
|
|
Batting: SHB Junior Felix
|
0-0: SOLO HOME RUN (Flyball, 89XD, EV 110.6 MPH), Distance : 415 ft
|
|
Batting: LHB Curtis Pride
|
0-0: Called Strike 0-1: Ball 1-1: SINGLE (Line Drive, 78S, EV 90.6 MPH)
|
|
Batting: RHB Scott Leius
|
0-0: Ball 1-0: Ball 2-0: SINGLE (Groundball, 56D, EV 96.9 MPH) Curtis Pride to second
|
|
Batting: RHB Einar Diaz
|
0-0: Called Strike 0-1: Reached on error, E1 (Groundball, 34S, EV 81.9 MPH) Curtis Pride to third Scott Leius to second
|
|
Batting: RHB Manny Alexander
|
0-0: Called Strike 0-1: Ball 1-1: Grounds into double play, 1-2-3 (Groundball, 34S, EV 91.3 MPH) Scott Leius to third Einar Diaz to second
|
|
Batting: RHB Cheron Farley
|
0-0: Called Strike 0-1: Ground out 6-3 (Groundball, 6, EV 87.5 MPH)
|
| Bottom of the 2nd over - 1 run, 3 hits, 1 error, 2 left on base; Rochester 0 - Ocean City 1 |
| TOP OF THE 3RD |
|
Rochester Red Wings batting - Pitching for Ocean City Blue Crabs : RHP Kevin Jarvis
|
|
Batting: RHB Rex Hudler
|
0-0: Ball 1-0: Ball 2-0: Ground out 4-3 (Groundball, 4, EV 84.4 MPH)
|
|
Batting: RHB Scott Sheldon
|
0-0: Ball 1-0: Ground out 5-3 (Groundball, 56, EV 88.8 MPH)
|
|
Batting: RHB Terrell Lowery
|
0-0: Called Strike 0-1: Foul Ball, location: 2F 0-2: Ground out 6-3 (Groundball, 56, EV 81.9 MPH)
|
| Top of the 3rd over - 0 runs, 0 hits, 0 errors, 0 left on base; Rochester 0 - Ocean City 1 |
| BOTTOM OF THE 3RD |
|
Ocean City Blue Crabs batting - Pitching for Rochester Red Wings : RHP Darryl Scott
|
|
Batting: RHB Jarvis Brown
|
0-0: Ball 1-0: Ball 2-0: Foul Ball, location: 2F 2-1: SINGLE (Groundball, 5S, EV 70.6 MPH) (infield hit)
|
|
Batting: LHB Pedro Valdes
|
0-0: Foul Ball, location: 2F 0-1: Ball 1-1: Grounds into double play, 3-6-1 (Groundball, 3, EV 84.4 MPH)
|
|
Batting: LHB Brad Fullmer
|
0-0: Called Strike 0-1: Foul Ball, location: 2F 0-2: Ball 1-2: Ball 2-2: Ground out U3 (Groundball, 34, EV 108.1 MPH)
|
| Bottom of the 3rd over - 0 runs, 1 hit, 0 errors, 0 left on base; Rochester 0 - Ocean City 1 |
| TOP OF THE 4TH |
|
Rochester Red Wings batting - Pitching for Ocean City Blue Crabs : RHP Kevin Jarvis
|
|
Batting: RHB Damon Mashore
|
0-0: Foul Ball, location: 2F 0-1: Ball 1-1: Called Strike 1-2: Ball 2-2: Ball 3-2: Ground out 5-3 (Groundball, 56, EV 90.6 MPH)
|
|
Batting: RHB Rich Aurilia
|
0-0: DOUBLE (Flyball, 8LXD, EV 89.4 MPH)
|
|
Batting: LHB Tom Lampkin
|
0-0: Called Strike 0-1: Swinging Strike 0-2: Foul Ball, location: 2F 0-2: Foul Ball, location: 2F 0-2: Ball 1-2: Ball 2-2: Foul Ball, location: 2F 2-2: Strikes out swinging
|
|
Batting: RHB Darren Reed
|
0-0: Called Strike 0-1: Fly out, F9 (Line Drive, 9, EV 97.5 MPH)
|
| Top of the 4th over - 0 runs, 1 hit, 0 errors, 1 left on base; Rochester 0 - Ocean City 1 |
| BOTTOM OF THE 4TH |
|
Ocean City Blue Crabs batting - Pitching for Rochester Red Wings : RHP Darryl Scott
|
|
Batting: SHB Junior Felix
|
0-0: Ball 1-0: Foul Ball, location: 2F 1-1: SINGLE (Groundball, 56D, EV 106.9 MPH)
|
|
Batting: LHB Curtis Pride
|
0-0: Called Strike 0-1: Ball 1-1: Fly out, F7 (Flyball, 7S, EV 90.6 MPH)
|
|
Batting: RHB Scott Leius
|
0-0: Ball 1-0: Ball 2-0: Ball 3-0: Called Strike 3-1: Base on Balls Junior Felix to second
|
|
Batting: RHB Einar Diaz
|
0-0: Ball 1-0: Ball 2-0: Swinging Strike 2-1: Called Strike 2-2: Foul Ball, location: 2F 2-2: Foul Ball, location: 2F 2-2: Foul Ball, location: 2F 2-2: Foul Ball, location: 2F 2-2: Ball 3-2: Reached on error, E5 (Groundball, 5, EV 98.8 MPH) Junior Felix to third Scott Leius to second
|
|
Batting: RHB Manny Alexander
|
0-0: SINGLE (Line Drive, 89S, EV 93.1 MPH) Junior Felix scores Scott Leius to third Einar Diaz to second
|
|
Batting: RHB Cheron Farley
|
0-0: DOUBLE (Line Drive, 9LM, EV 87.5 MPH) Scott Leius scores Einar Diaz scores Manny Alexander to third Runner from 3rd tries for Home, SAFE, throw by RF to trailing runner, SAFE at third!
|
|
Pitching: RHP Joe Ausanio
|
|
|
Batting: RHB Jarvis Brown
|
0-0: Swinging Strike 0-1: Swinging Strike 0-2: Ball 1-2: Ball 2-2: Foul Ball, location: 2F 2-2: Foul Ball, location: 2F 2-2: Foul Ball, location: 2F 2-2: Strikes out swinging
|
|
Batting: LHB Pedro Valdes
|
0-0: Ball 1-0: Ball 2-0: Swinging Strike 2-1: Ball 3-1: Base on Balls
|
|
Batting: LHB Brad Fullmer
|
0-0: Called Strike 0-1: Swinging Strike 0-2: 3-RUN HOME RUN (Line Drive, 9D, EV 106.9 MPH), Distance : 376 ft
|
|
Batting: SHB Junior Felix
|
0-0: Swinging Strike 0-1: Foul Ball, location: 2F 0-2: Ball 1-2: Foul Ball, location: 2F 1-2: Ball 2-2: Foul Ball, location: 2F 2-2: Ball 3-2: Strikes out swinging
|
| Bottom of the 4th over - 7 runs, 4 hits, 1 error, 0 left on base; Rochester 0 - Ocean City 8 |
| TOP OF THE 5TH |
|
Rochester Red Wings batting - Pitching for Ocean City Blue Crabs : RHP Kevin Jarvis
|
|
Batting: LHB Kevin Koslofski
|
0-0: Ball 1-0: Ground out U3 (Groundball, 3, EV 83.1 MPH)
|
|
Batting: RHB Tim Unroe
|
0-0: Ball 1-0: Ball 2-0: Ball 3-0: Base on Balls
|
|
Batting: RHB Rex Hudler
|
0-0: Called Strike 0-1: Ball 1-1: Swinging Strike 1-2: SINGLE (Flyball, 7S, EV 96.9 MPH) Tim Unroe to second
|
|
Batting: RHB Scott Sheldon
|
0-0: Fly out, F7 (Flyball, 7S, EV 90.0 MPH)
|
|
Batting: RHB Terrell Lowery
|
0-0: Called Strike 0-1: Foul Ball, location: 2F 0-2: Strikes out swinging
|
| Top of the 5th over - 0 runs, 1 hit, 0 errors, 2 left on base; Rochester 0 - Ocean City 8 |
| BOTTOM OF THE 5TH |
|
Ocean City Blue Crabs batting - Pitching for Rochester Red Wings : RHP Joe Ausanio
|
|
Batting: LHB Curtis Pride
|
0-0: Called Strike 0-1: Ball 1-1: Ball 2-1: Swinging Strike 2-2: Strikes out swinging
|
|
Batting: RHB Scott Leius
|
0-0: Ball 1-0: Swinging Strike 1-1: Foul Ball, location: 2F 1-2: Ball 2-2: Foul Ball, location: 2F 2-2: Strikes out swinging
|
|
Batting: RHB Einar Diaz
|
0-0: Ball 1-0: Foul Ball, location: 2F 1-1: Fly out, F2 (Popup, 3SF, EV 76.3 MPH)
|
| Bottom of the 5th over - 0 runs, 0 hits, 0 errors, 0 left on base; Rochester 0 - Ocean City 8 |
| TOP OF THE 6TH |
|
Rochester Red Wings batting - Pitching for Ocean City Blue Crabs : RHP Kevin Jarvis
|
|
Batting: RHB Damon Mashore
|
0-0: Ground out 5-3 (Groundball, 56S, EV 86.3 MPH)
|
|
Batting: RHB Rich Aurilia
|
0-0: Foul Ball, location: 2F 0-1: Ball 1-1: Ground out U3 (Groundball, 3, EV 87.5 MPH)
|
|
Batting: LHB Tom Lampkin
|
0-0: Ball 1-0: Ground out 3-1 (Groundball, 34, EV 92.5 MPH)
|
| Top of the 6th over - 0 runs, 0 hits, 0 errors, 0 left on base; Rochester 0 - Ocean City 8 |
| BOTTOM OF THE 6TH |
|
Ocean City Blue Crabs batting - Pitching for Rochester Red Wings : RHP Joe Ausanio
|
|
Batting: RHB Manny Alexander
|
0-0: Foul Ball, location: 2F 0-1: Ball 1-1: Foul Ball, location: 2F 1-2: Foul Ball, location: 2F 1-2: Strikes out swinging
|
|
Batting: RHB Cheron Farley
|
0-0: Called Strike 0-1: Ball 1-1: Called Strike 1-2: Ball 2-2: Foul Ball, location: 2F 2-2: Ground out 5-3 (Groundball, 56S, EV 71.9 MPH)
|
|
Batting: RHB Jarvis Brown
|
0-0: Called Strike 0-1: Ground out 5-3 (Groundball, 56, EV 104.4 MPH)
|
| Bottom of the 6th over - 0 runs, 0 hits, 0 errors, 0 left on base; Rochester 0 - Ocean City 8 |
| TOP OF THE 7TH |
|
Rochester Red Wings batting - Pitching for Ocean City Blue Crabs : RHP Kevin Jarvis
|
|
Batting: RHB Darren Reed
|
0-0: Foul Ball, location: 2F 0-1: Called Strike 0-2: Ball 1-2: Strikes out swinging, 2-3 out at first.
|
|
Batting: LHB Kevin Koslofski
|
0-0: Ball 1-0: Called Strike 1-1: Ball 2-1: Foul Ball, location: 2F 2-2: Ball 3-2: SINGLE (Groundball, 34D, EV 106.9 MPH)
|
|
Pinch Hitting: RHB Tripp Cromer
|
0-0: Fly out, F9 (Flyball, 9, EV 75.0 MPH)
|
|
Batting: RHB Rex Hudler
|
0-0: SINGLE (Line Drive, 4D, EV 98.8 MPH) Kevin Koslofski to second
|
|
Batting: RHB Scott Sheldon
|
0-0: Ball 1-0: Foul Ball, location: 2F 1-1: Called Strike 1-2: Ball 2-2: Foul Ball, location: 2F 2-2: Fielders Choice at 2nd, 6-4 (Groundball, 6, EV 107.5 MPH)
|
| Top of the 7th over - 0 runs, 2 hits, 0 errors, 2 left on base; Rochester 0 - Ocean City 8 |
| BOTTOM OF THE 7TH |
|
Ocean City Blue Crabs batting - Pitching for Rochester Red Wings : RHP Joe Ausanio
|
|
Pitching: LHP Brad Pennington
|
|
|
Now at 1B: Steve R Dunn
|
|
|
Batting: LHB Pedro Valdes
|
0-0: Called Strike 0-1: Foul Ball, location: 2F 0-2: Strikes out swinging
|
|
Batting: LHB Brad Fullmer
|
0-0: Foul Ball, location: 2F 0-1: Ball 1-1: Fly out, F9 (Line Drive, 9, EV 87.5 MPH)
|
|
Pinch Hitting: SHB Julio Peguero
|
0-0: Ball 1-0: Ball 2-0: Called Strike 2-1: Ball 3-1: Foul Ball, location: 2F 3-2: Base on Balls
|
|
Pinch Hitting: RHB Ryan Long
|
0-0: Ball 1-0: Called Strike 1-1: Foul Ball, location: 2F 1-2: SINGLE (Groundball, 56D, EV 96.3 MPH) Julio Peguero to second
|
|
Batting: RHB Scott Leius
|
0-0: Foul Ball, location: 2F 0-1: Swinging Strike 0-2: Ball 1-2: Strikes out swinging
|
| Bottom of the 7th over - 0 runs, 1 hit, 0 errors, 2 left on base; Rochester 0 - Ocean City 8 |
| TOP OF THE 8TH |
|
Rochester Red Wings batting - Pitching for Ocean City Blue Crabs : RHP Kevin Jarvis
|
|
Now in LF: Jeff Abbott
|
|
|
Now in RF: Ryan Long
|
|
|
Batting: RHB Terrell Lowery
|
0-0: Called Strike 0-1: SINGLE (Line Drive, 7S, EV 93.8 MPH)
|
|
Pinch Hitting: RHB Jacob Brumfield
|
0-0: SINGLE (Groundball, 56, EV 103.1 MPH) (infield hit) Terrell Lowery to second
|
|
Batting: RHB Rich Aurilia
|
0-0: Called Strike 0-1: Foul Ball, location: 2F 0-2: Fly out, F8 (Flyball, 89D, EV 98.8 MPH) Runner from 2nd tags up, SAFE at 3rd, no throw by CF
|
|
Batting: LHB Tom Lampkin
|
0-0: Called Strike 0-1: Ball 1-1: Fly out, F8 (Flyball, 78M, EV 90.0 MPH) Runner from 3rd tags up, SCORES, throw by CF
|
|
Batting: RHB Darren Reed
|
0-0: Called Strike 0-1: Swinging Strike 0-2: Ground out U3 (Groundball, 3, EV 90.6 MPH)
|
| Top of the 8th over - 1 run, 2 hits, 0 errors, 1 left on base; Rochester 1 - Ocean City 8 |
| BOTTOM OF THE 8TH |
|
Ocean City Blue Crabs batting - Pitching for Rochester Red Wings : LHP Brad Pennington
|
|
Now in RF: Jacob Brumfield
|
|
|
Batting: RHB Einar Diaz
|
0-0: Ball 1-0: Swinging Strike 1-1: Ball 2-1: Foul Ball, location: 2F 2-2: Ball 3-2: Base on Balls
|
|
Batting: RHB Manny Alexander
|
0-0: Called Strike 0-1: Swinging Strike 0-2: Ball 1-2: Ball 2-2: Ball 3-2: Strikes out swinging
|
|
Batting: RHB Cheron Farley
|
0-0: Swinging Strike 0-1: Foul Ball, location: 2F 0-2: Ball 1-2: Ball 2-2: Foul Ball, location: 2F 2-2: Strikes out swinging
|
|
Batting: RHB Jarvis Brown
|
0-0: Ball 1-0: Swinging Strike 1-1: Ball 2-1: Called Strike 2-2: Foul Ball, location: 2F 2-2: Ball 3-2: Strikes out swinging
|
| Bottom of the 8th over - 0 runs, 0 hits, 0 errors, 1 left on base; Rochester 1 - Ocean City 8 |
| TOP OF THE 9TH |
|
Rochester Red Wings batting - Pitching for Ocean City Blue Crabs : RHP Kevin Jarvis
|
|
Pinch Hitting: LHB Quinn Mack
|
0-0: Ball 1-0: Ground out 6-3 (Groundball, 6, EV 100.0 MPH)
|
|
Batting: LHB Steve R Dunn
|
0-0: Ball 1-0: Called Strike 1-1: Ball 2-1: Foul Ball, location: 2F 2-2: Strikes out swinging
|
|
Pitching: RHP Rafael Carmona
|
|
|
Batting: RHB Rex Hudler
|
0-0: Swinging Strike 0-1: Ball 1-1: Swinging Strike 1-2: Foul Ball, location: 2F 1-2: Ball 2-2: Ball 3-2: Foul Ball, location: 2F 3-2: DOUBLE (Flyball, 8LXD, EV 103.1 MPH)
|
|
Batting: RHB Scott Sheldon
|
0-0: Called Strike 0-1: Foul Ball, location: 2F 0-2: Strikes out swinging
|
| Top of the 9th over - 0 runs, 1 hit, 0 errors, 1 left on base; Rochester 1 - Ocean City 8 |
|